 Dungeon Crawl Stone Soup version 0.31-a0-1499-ge0622b2318 (webtiles) character file.

Game seed: 11643984586525265526

154 jasper the Changeling (level 5, -2/36 (40) HPs)
             Began as a Draconian Shapeshifter on Dec 29, 2023.
             Slain by a wight
             ... wielding a +3 hand axe
              (14 damage)
             ... on level 4 of the Dungeon.
             The game lasted 00:03:24 (2513 turns).

jasper the Changeling (Draconian Shapeshifter)      Turns: 2513, Time: 00:03:24

HP:   -2/36 (40)    AC:  5    Str: 18    XL:     5   Next: 13%
MP:   5/5           EV: 12    Int: 11    God:
Gold: 145           SH:  0    Dex: 10    Spells: 4/4 levels left

rFire   . .          .
                       - Unarmed
rCold   . . .        (no shield)
rNeg    . . .        (body armour unavailable)
rPois   .            (helmet currently unavailable)
rElec   .            (cloak currently unavailable)
rCorr   .            (gloves currently unavailable)
SInv    .            (boots currently unavailable)
Will    .....        f - amulet of magic regeneration
Stlth   +            (no ring)
HPRegen 0.26/turn    (no ring)
MPRegen 0.49/turn

%: no passive effects
@: beast-form, heavily drained
A: beast (slay +3), AC +5, unfitting armour, cold-blooded
a: Begin Untransformation


You were on level 4 of the Dungeon.
You were a hulking beast.
You visited 1 branch of the dungeon, and saw 4 of its levels.

You collected 187 gold pieces.
You spent 42 gold pieces at shops.

Inventory:

Missiles
 g - 9 poisoned darts
 i - 26 stones
 l - 4 boomerangs
Armour
 a - a +0 pair of gloves
 k - a +2 pair of gloves
Jewellery
 f - an amulet of magic regeneration (around neck)
Talismans
 b - a beast talisman
 c - a flux talisman
Scrolls
 j - a scroll of silence {unknown}
Potions
 d - a potion of brilliance
 e - a potion of mutation {unknown}
 h - a potion of berserk rage {unknown}
 n - a potion of ambrosia {unknown}


   Skills:
 - Level 1.1 Fighting
 - Level 1.7 Dodging
 - Level 3.0 Unarmed Combat
 + Level 5.5 Shapeshifting


You had 4 spell levels left.
You didn't know any spells.
Your spell library contained the following spells:

 Spells                   Type           Power      Damage    Failure   Level
 Kiss of Death            Conj/Necr      0%         2d5       34%         1
 Confusing Touch          Hex            0%         N/A       71%         3
 Dispel Undead            Necr           0%         3d6       98%         4


Dungeon Overview and Level Annotations

Branches:
Dungeon (4/15)
 Temple: D:4-7

Altars:

Shops:
D:1 *   D:3 :

Annotations:
D:2 1 runed translucent door, Crazy Yiuf


Innate Abilities, Weirdness & Mutations

You are a hulking beast.
Your limbs bulge with bestial killing power. (Slay +3)
Your plain brown scales are hard. (AC +5)
You cannot fit into any form of body armour.
You are cold-blooded and may be slowed by cold attacks.


Message History

You see here a ribbon worm corpse.
Unknown command.
Found an escape hatch in the ceiling.
Health restored: 40
Found an escape hatch in the floor.
There is an escape hatch in the ceiling here.
There is an escape hatch in the floor here.
A wight comes into view. It is wielding a +3 hand axe.
There is an escape hatch in the floor here.
An orc comes into view. It is wielding a +0 dagger.
The orc shouts!
You hit the orc. Your punch misses the orc.
The orc is lightly wounded.
The orc closely misses you.
You hit the orc.
Your tail-slap misses the orc.
The orc is almost dead.
The orc hits you with a +0 dagger.
You take 1 damage, and have 39/40 hp.
You hit the orc.
You kill the orc!
You barely miss the wight.
You tail-slap the wight, but do no damage.
The wight hits you with a +3 hand axe!
You take 6 damage, and have 33/40 hp.
You hit the wight but do no damage.
Your tail-slap misses the wight.
The wight hits you with a +3 hand axe.
You feel drained.
You take 6 damage, and have 27/38 hp.
You closely miss the wight. The wight misses you.
You closely miss the wight. The wight hits you with a +3 hand axe.
You feel drained.
You take 6 damage, and have 21/37 hp.
You barely miss the wight.
Your tail-slap misses the wight.
The wight hits you with a +3 hand axe!
You feel drained.
* * * LOW HITPOINT WARNING * * *
You take 12 damage, and have 9/36 hp.
MASSIVE DAMAGE!!
You closely miss the wight. The wight hits you with a +3 hand axe.
* * * LOW HITPOINT WARNING * * *
You take 2 damage, and have 7/36 hp.
You feel better. The wight hits you with a +3 hand axe!
You die...

.........#
........#
.......#
...... ....#
... #########
#)# ........##
#h#
#######..##
#z#
##..######.#
##....<##.#
#####.##.#
#....#####
####.>...#####
#.........#
######.##.#


You could see a wight.

Vanquished Creatures
  An orc wizard (D:4)
  Robin (D:2)
  3 adders
  3 ribbon worms
  5 orcs
  2 endoplasms (D:1)
  2 giant cockroaches
  13 goblins
  8 hobgoblins
  A quokka (D:3)
  2 ball pythons (D:3)
  4 bats
  2 frilled lizards (D:2)
  9 kobolds
  4 rats
60 creatures vanquished.

Notes
Turn   | Place    | Note
-------+----------+-------------------------------------------
     0 | D:1      | jasper the Draconian Shapeshifter began the quest for the
                  | Orb.
     0 | D:1      | Reached XP level 1. HP: 16/16 MP: 1/1
    59 | D:1      | You fall into a shaft and drop 1 floor!
    67 | D:2      | Noticed Robin
    88 | D:2      | Reached XP level 2. HP: 23/23 MP: 2/2
   108 | D:2      | Killed Robin
   109 | D:2      | Reached skill level 4 in Shapeshifting
   109 | D:2      | Reached XP level 3. HP: 27/28 MP: 3/3
   834 | D:1      | Found a faded altar of an unknown god.
  1102 | D:1      | Found Cyikk's General Store.
  1107 | D:1      | Bought a potion of curing for 42 gold pieces
  1253 | D:2      | Reached XP level 4. HP: 35/35 MP: 4/4
  1414 | D:2      | Found a runed translucent door.
  1415 | D:2      | Noticed Crazy Yiuf
  1797 | D:3      | Found Tupsaofi's Book Emporium.
  2267 | D:4      | Reached skill level 5 in Shapeshifting
  2394 | D:4      | Reached XP level 5. HP: 40/40 MP: 5/5
  2513 | D:4      | Slain by a wight

Illustrated notes

Levels and vault maps discovered:
D:1:      beargit_arrival_diablo_church, layout_basic, serial_shops, shop,
          ebering_ecumenical_altar_box
D:2:      layout_loops_ring, minmay_misc_feat_tiny, kennysheep_generic_room_12,
          uniq_robin, uniq_crazy_yiuf_cottage
D:3:      layout_rooms, serial_shops, nicolae_shop_back_alley_shop,
          nicolae_the_louvre
D:4:      layout_basic, serial_glass, glass_columns_a, glass_columns_a

Skill      XL: |  1  2  3  4 |
---------------+-------------+-----
Shapeshifting  | 4 5 |  5.5
Fighting       | |  1.1
Dodging        | |  1.7
Unarmed Combat | |  3.0

Action                     |  1- 3 |  4- 6 || total
---------------------------+-------+-------++-------
  Melee: Unarmed           |    81 |    80 ||   161
         Tailslap          |     4 |    11 ||    15
         Punch             |     1 |       ||     1
    Use: Potion            |     1 |     1 ||     2
         Scroll            |       |     7 ||     7
   Stab: Sleeping          |     1 |       ||     1
 Armour: Skin              |    72 |    53 ||   125
  Dodge: Dodged            |    32 |    45 ||    77

Table legend: (Time is in decaauts)
 A = Elapsed time spent in this place.
 B = Non-inter-level travel time spent in this place.
 C = Inter-level travel time spent in this place.
 D = Time resting spent in this place.
 E = Time spent auto-exploring this place.
 F = Levels seen in this place.
 G = Mean time per level.
                   A        B        C        D        E       F      G
               +--------+--------+--------+--------+--------+-----+--------+
         Total |   2502 |   2248 |    254 |     61 |   1731 |   4 |  625.5 |
       Dungeon |   2502 |   2248 |    254 |     61 |   1731 |   4 |  625.5 |
               +--------+--------+--------+--------+--------+-----+--------+

Top non-repeatable levels by time:
     D:2: 900 daAuts
     D:1: 855 daAuts
     D:3: 496 daAuts
     D:4: 249 daAuts
